cohdb
Replays
Latest Replays
All Replays
Popular Replays
Top Player Replays
Match Explorer
How It Works
Community
CoH3 Stats
Reddit
Sign in to upload your games and track your stats! →
Sign in with Steam
Match 40945047
Unlisted
Match 40945047
Overview
Messages
Build Orders
End
Royal Engineer Section
Construct Section Command Post
Vickers Machine Gun Team
Infantry Section
Dingo Light Scout Car
Construct Platoon Command Post
Selects Indian Artillery Battlegroup
Selects Towed ML 4.2-inch Heavy Mortar
Towed ML 4.2-inch Heavy Mortar
Selects Valour
Construct Field Infirmary
Infantry Section
Selects Gurkha Rifles Section
Gurkha Rifles Section
6-pounder Anti-tank Gun Team
Construct Company Command Post
Crusader II Medium Tank
Selects Volunteer Infantry
Vickers Machine Gun Team
Crusader II Medium Tank
Royal Engineer Section
Grenade Package
Grenade Package
Crusader II Medium Tank
Selects Off-map Airburst Barrage
Off-map Airburst Barrage
Selects Perimeter Monitor
Armored Vehicle Training
Perimeter Monitor
Unlock M3 Grant Medium Tanks
M3 Grant Medium Tank
Off-map Airburst Barrage
M3 Grant Medium Tank
M3 Grant Medium Tank
只愛❤毛妹
J_Shizlet
0
0
Comments
sign in to comment!
No comments posted yet!